 Dungeon Crawl Stone Soup version 0.29.0-11-gd7f09526c8 (webtiles) character file.

Game seed: 3958406591538097346

18 mtoz the Summoner (level 2, -3/18 HPs)
             Began as a Gnoll Wanderer on Sept 5, 2022.
             Was a Follower of Hepliaklqana.
             Slain by a worm (11 damage)
             ... on level 1 of the Dungeon.
             The game lasted 00:06:10 (1259 turns).

mtoz the Summoner (Gnoll Wanderer)                  Turns: 1259, Time: 00:06:10

Health: -3/18      AC:  3    Str: 13    XL:     2   Next: 66%
Magic:  7/7        EV: 11    Int: 12    God:    Hepliaklqana [*.....]
Gold:   119        SH:  0    Dex:  8    Spells: 9/10 levels left

rFire   . . .      SeeInvis .   a - +0 club
rCold   . . .      Faith    .   (no shield)
rNeg    . . .      Spirit   .   c - +0 leather armour
rPois   .          Reflect  .   (no helmet)
rElec   .          Harm     .   (no cloak)
rCorr   .          Rampage  .   (no gloves)
Will    .....                   (no boots)
Stlth   +.........              (no amulet)
HPRegen 0.06/turn               (no ring)
MPRegen 0.10/turn               (no ring)

@: no status effects
A: reduced essence, fangs 1, strong nose, distributed training
a: Renounce Religion, Recall Ancestor, Ancestor Identity


You were on level 1 of the Dungeon.
You worshipped Hepliaklqana.
Hepliaklqana was aware of your devotion.
You visited 1 branch of the dungeon, and saw 2 of its levels.

You collected 119 gold pieces.

Inventory:

Hand Weapons
 a - a +0 club (weapon)
Missiles
 e - a throwing net
Armour
 c - a +0 leather armour (worn)
 p - a +0 ring mail
Scrolls
 b - a scroll of fog
 h - a scroll of silence {unknown}
 k - 2 scrolls of noise {unknown}
 l - a scroll of fear {unknown}
Potions
 f - a potion of mutation {unknown}
 g - a potion of haste {unknown}
 i - a potion of curing {unknown}
 j - a potion of attraction {unknown}
 m - a potion of lignification {unknown}
 n - a potion of degeneration {unknown}
 o - a potion of heal wounds {unknown}
Miscellaneous
 d - a piece from Xom's chessboard (15/15)


   Skills:
 + Level 0.5 Fighting
 + Level 0.5 Short Blades
 + Level 0.5 Long Blades
 + Level 0.5 Axes
 + Level 0.5 Maces & Flails
 + Level 0.5 Polearms
 + Level 0.5 Staves
 + Level 0.5 Ranged Weapons
 + Level 0.5 Throwing
 + Level 0.5 Armour
 + Level 0.5 Dodging
 + Level 0.5 Stealth
 + Level 0.5 Shields
 + Level 0.5 Unarmed Combat
 + Level 4.9 Spellcasting
 + Level 0.3 Conjurations
 + Level 0.3 Hexes
 + Level 8.7 Summonings
 + Level 0.3 Necromancy
 + Level 0.3 Translocations
 + Level 2.0 Transmutations
 + Level 0.3 Fire Magic
 + Level 0.3 Ice Magic
 + Level 0.3 Air Magic
 + Level 0.3 Earth Magic
 + Level 0.3 Poison Magic
 + Level 0.6 Invocations
 + Level 4.5 Evocations


You had 9 spell levels left.
You knew the following spells:

 Your Spells              Type           Power      Damage    Failure   Level
a - Summon Small Mammal   Summ           96%        N/A       1%          1

Your spell library contained the following spells:

 Spells                   Type           Power      Damage    Failure   Level
 Call Imp                 Summ           24%        N/A       1%          2
 Wereblood                Tmut           7%         N/A       17%         2
 Passwall                 Tmut/Erth      4%         N/A       24%         2
 Animate Armour           Summ/Erth      26%        N/A       36%         4


Dungeon Overview and Level Annotations

Branches:
Dungeon (2/15)

Altars:
Hepliaklqana


Innate Abilities, Weirdness & Mutations

Your life essence is reduced to manifest your ancestor. (-10% HP)
You have very sharp teeth.
Your uncanny sense of smell can sniff out nearby items.
Your experience applies equally to all skills.


Message History

The worm is heavily wounded.
You hit the worm.
The worm is heavily wounded.
The worm barely misses you.
You are too injured to fight recklessly!
You are too injured to fight recklessly!
You are too injured to fight recklessly!
You are too injured to fight recklessly!
There is a stone staircase leading up here.
The endoplasm hits you.
You climb upwards.
There is a stone staircase leading down here.
You hit the endoplasm.
The endoplasm is heavily wounded.
The endoplasm hits you but does no damage.
The worm misses you.
You hit the endoplasm.
You kill the endoplasm!
The worm barely misses you.
You hit the worm but do no damage. Your bite misses the worm.
The worm is moderately wounded.
The worm barely misses you.
You barely miss the worm.
The worm is moderately wounded.
You barely miss the worm.
The worm is moderately wounded.
The worm bites you.
You hit the worm but do no damage.
The worm is lightly wounded.
The worm closely misses you.
You hit the worm. You bite the worm, but do no damage.
The worm is lightly wounded.
The worm closely misses you.
You hit the worm.
The worm is moderately wounded.
You barely miss the worm.
The worm is moderately wounded.
The worm bites you!
Ouch! That really hurt!
You die...

P♣...♣##...♣.♣.♣..#..#######.#
P.P.♣♣ #.#.###.##.#..# #># ♣..P♣♣
#.#.# #.....#.# #.# ♣♣..P♣##.#.#
####..#.#######.#### ♣♣P.♣#.#.#.#
#................. #♣♣R♣....#.#
##......#####.#..~ # #...#....#
##.#...# #.##.~
#######....#######.#...# #.##.~
.## ##.#........@......# #.##..
#.###.)##.......w..##..# #.###.
##..)#.##############..#####.###.
#####.# ##### #..##........ #.#
##...## #..##........ #.#
#.....#####..##........ #.#
#...................... ######.#
#.....#########.......# .......#
##...## #.......#


You could see a worm.

Vanquished Creatures
  An endoplasm (D:1)
  2 bats (D:1)
3 creatures vanquished.

Vanquished Creatures (collateral kills)
  2 endoplasms (D:1)
  3 goblins (D:1)
  3 hobgoblins (D:1)
  A quokka (D:1)
  2 bats (D:1)
  A rat (D:1)
12 creatures vanquished.

Vanquished Creatures (others)
  An ancestor (D:2)
1 creature vanquished.

Grand Total: 16 creatures vanquished

Notes
Turn   | Place    | Note
-------+----------+-------------------------------------------
     0 | D:1      | mtoz the Gnoll Wanderer began the quest for the Orb.
     0 | D:1      | mtoz set off with the following items: a +0 club, a scroll
                  | of fog, a +0 leather armour, a piece from Xom's chessboard
                  | (15/15); and the following spell memorised: Summon Small
                  | Mammal; and the following spells available to memorise:
                  | Call Imp, Wereblood, Passwall, Animate Armour.
     0 | D:1      | Reached XP level 1. HP: 13/13 MP: 6/6
   206 | D:1      | Reached XP level 2. HP: 19/19 MP: 4/7
   751 | D:1      | Found a faded altar of an unknown god.
   783 | D:1      | Prayed at the altar of an unknown god.
   783 | D:1      | Became a worshipper of Hepliaklqana the Forgotten
   783 | D:1      | Reached * piety under Hepliaklqana
  1259 | D:1      | Slain by a worm

Illustrated notes

Levels and vault maps discovered:
D:1:      dpeg_arrival_court, layout_loops_ring,
          hellmonk_ecumenical_altar_pennies_from_heaven, serial_forest,
          infiniplex_forest_diagonal, infiniplex_forest_lined_room_,
          infiniplex_forest_zigzag_1, infiniplex_forest_lined_corner,
          infiniplex_forest_join, infiniplex_forest_clump_small,
          infiniplex_forest_straight_2
D:2:      layout_basic, minmay_pentomino_x2, uniq_terence

Skill      XL: |  1 |
---------------+----+-----
Transmutations | 2 |  2.0
Fighting       | |  0.5
Short Blades   | |  0.5
Long Blades    | |  0.5
Axes           | |  0.5
Maces & Flails | |  0.5
Polearms       | |  0.5
Staves         | |  0.5
Ranged Weapons | |  0.5
Throwing       | |  0.5
Armour         | |  0.5
Dodging        | |  0.5
Stealth        | |  0.5
Shields        | |  0.5
Unarmed Combat | |  0.5
Spellcasting   | |  4.9
Conjurations   | |  0.3
Hexes          | |  0.3
Summonings     | |  8.7
Necromancy     | |  0.3
Translocations | |  0.3
Fire Magic     | |  0.3
Ice Magic      | |  0.3
Air Magic      | |  0.3
Earth Magic    | |  0.3
Poison Magic   | |  0.3
Invocations    | |  0.6
Evocations     | |  4.5

Action                   || total
-------------------------++-------
Melee: Club              ||    19
       Punch             ||     1
       Bite              ||     1
 Cast: Summon Small Mamm ||    30
Invok: Ancestor Identity ||     1
Armor: Leather armour    ||    21
Dodge: Dodged            ||    23
